 Dungeon Crawl Stone Soup version 0.32-a0-616-g9348d4545b (webtiles) character file.

Game seed: 11899936742884137501

13374 zenocrate the Magician (level 11, 47/56 HPs)
             Began as a Felid Earth Elementalist on Mar 5, 2024.
             Was an Initiate of Gozag.
             Quit the game on level 11 of the Dungeon.
             The game lasted 00:27:32 (15516 turns).

zenocrate the Magician (Felid Earth Elementalist)  Turns: 15516, Time: 00:27:33

Health: 47/56      AC:  2    Str:  6    XL:     11   Next: 74%
Magic:  23/23      EV: 22    Int: 20    God:    Gozag
Gold:   70         SH:  0    Dex: 18    Spells: 3/25 levels left
                                        Lives:  0   Deaths: 3

rFire   + .          .
                       - Unarmed
rCold   . . .        (shield unavailable)
rNeg    . . .        (body armour unavailable)
rPois   .            (helmet unavailable)
rElec   .            (cloak unavailable)
rCorr   .            (gloves unavailable)
SInv    +            (boots unavailable)
Will    ++...        A - amulet of the acrobat
Stlth   ++++         w - ring of protection from fire
HPRegen 0.29/turn    k - ring of willpower
MPRegen 0.18/turn

%: acrobat
@: no status effects
A: very small, claws 1, fangs 3, see invisible, shaggy fur 2, stealthy paws, no
weapons or thrown items, no armour, multi-lived
a: Renounce Religion, Potion Petition, Call Merchant, Bribe Branch


You were on level 11 of the Dungeon.
You worshipped Gozag.
Gozag was noncommittal.
You visited 1 branch of the dungeon, and saw 11 of its levels.
You also visited: Ossuary.

You collected 2504 gold pieces.
You paid 2434 gold pieces to Gozag.

Inventory:

Jewellery
 b - a ring of magical power
 g - an amulet of guardian spirit
 h - an amulet of reflection
 k - a ring of willpower (right paw)
 o - a ring of magical power
 w - a ring of protection from fire (left paw)
 A - an amulet of the acrobat (around neck)
Talismans
 a - a serpent talisman
 z - a blade talisman
Wands
 p - a wand of roots (1)
 r - a wand of digging (6)
 v - a wand of polymorph (4)
Scrolls
 c - 2 scrolls of immolation
 e - a scroll of blinking
 i - a scroll of fog
 n - a scroll of silence
 q - a scroll of teleportation
 s - 2 scrolls of amnesia
 t - 2 scrolls of torment
Potions
 f - 3 potions of brilliance
 j - 4 potions of attraction
 l - a potion of enlightenment
 B - a potion of mutation {unknown}


   Skills:
 - Level 5.8 Fighting
 - Level 7.7 Dodging
 + Level 7.4 Stealth
 + Level 4.0 Unarmed Combat
 + Level 7.9 Spellcasting
 - Level 5.2 Conjurations
 + Level 5.6 Hexes
 + Level 3.4 Ice Magic
 - Level 4.3 Air Magic
 - Level 6.2 Earth Magic
 - Level 4.3 Alchemy
 + Level 4.3 Evocations
 - Level 3.4 Shapeshifting


You had 3 spell levels left.
You knew the following spells:

 Your Spells              Type           Power      Damage    Failure   Level
a - Ensorcelled Hibernat  Hex/Ice        52%        N/A       1%          2
b - Stone Arrow           Conj/Erth      60%        3d10      2%          3
c - Mephitic Cloud        Conj/Alch/Air  26%        N/A       3%          3
d - Petrify               Alch/Erth      29%        N/A       10%         4
e - Ignite Poison         Fire/Alch      16%        N/A       34%         4
f - Sandblast             Erth           64%        2d14      1%          1
g - Borgnjor's Vile Clut  Necr/Erth      10%        N/A       54%         5

Your spell library contained the following spells:

 Spells                   Type           Power      Damage    Failure   Level
 Passwall                 Erth           32%        N/A       1%          3
 Dazzling Flash           Conj/Hex       58%        N/A       2%          3
 Cigotuvi's Dreadful Rot  Necr/Alch/Air  38%        N/A       4%          2
 Hailstorm                Conj/Ice       25%        3d7       4%          3
 Inner Flame              Hex/Fire       19%        N/A       9%          3
 Summon Ice Beast         Ice/Summ       14%        N/A       13%         3
 Brom's Barrelling Bould  Conj/Erth      30%        2d5       9%          4
 Silence                  Hex/Air        13%        N/A       30%         5
 Metabolic Englaciation   Hex/Ice        13%        N/A       36%         5
 Freezing Cloud           Conj/Ice/Air   12%        6-21      38%         5
 Curse of Agony           Necr           7%         N/A       94%         5
 Sculpt Simulacrum        Ice/Alch       11%        N/A       95%         6


Dungeon Overview and Level Annotations

Branches:
Dungeon (11/15)            Temple (0/1) D:7            Lair (0/5) D:11
Ossuary (visited)
    Orc: D:9-12

Altars:
Elyvilon
Fedhas
Gozag
Kikubaaqudgha
Qazlal
Ru
Sif Muna
Trog
Wu Jian
The Shining One
Beogh

Annotations:
D:4 3 runed translucent doors, CougarLife's ghost, novice GrEE
D:11 Josephine


Innate Abilities, Weirdness & Mutations

You have sharp claws.
You have razor-sharp teeth.
You have supernaturally acute eyesight. (SInv)
You are covered in thick fur. (AC +2)
Your paws help you pounce on unaware monsters.
You are incapable of wielding weapons or throwing items.
You cannot wear armour.
You gain extra lives every three experience levels.


Message History

Confirm with . or Enter, or press ? or * to list all spells.
Aiming: Ensorcelled Hibernation (safe; 1% risk of failure)
Press: ? - help, Shift-Dir - straight line, f - orc
Aim: an orc, wielding a +0 hand axe (wandering, hasn't noticed you, chance to affect: 73%)
The orc shouts!
The orc looks drowsy...
Unknown command.
The helpless orc fails to defend itself.
You mangle the orc!!
You kill the orc!
No target in view!
You now have 48 gold pieces (gained 7).
You see here a +0 hand axe.
You now have 70 gold pieces (gained 22).
You see here a +0 orcbow.
There are monsters nearby!
An orc comes into view. It is wielding a +0 whip.
The wraith misses you. The wraith attacks as it pursues you!
The wraith completely misses you.
As you read the scroll of identify, it crumbles to dust.
s - 2 scrolls of amnesia The wraith closely misses you.
The air fills with toxic fumes!
As you read the scroll labelled TOS FUHATS, it crumbles to dust.
It was a scroll of poison.
The wraith completely misses you.
As you read the scroll labelled MOAXARRU PAEC, it crumbles to dust.
You assume a fearsome visage.
The wraith is unaffected. x2
It was a scroll of fear.
The wraith closely misses you.
As you read the scroll labelled NOFYME PEINN, it crumbles to dust.
Wisps of shadow whirl around you...
It was a scroll of summoning.
The wraith misses you.
As you read the scroll labelled FYDGHO VEIP, it crumbles to dust.
It is a scroll of enchant weapon.
You aren't carrying any weapons that can be enchanted.
The wraith hits you!
Your two-headed ogre is engulfed in poison gas.
Your two-headed ogre is poisoned.
Your komodo dragon is engulfed in poison gas.
Your komodo dragon is poisoned.
Are you sure you want to abandon this character and quit the game? (Confirm with "yes".)

.................................
..........§§...................##
....#######§..#######..........#
....# #§§.# #..........# ....#
#§§§# #.§§.......# ....#
#§§§#######§§§.......# ....#
#§§§§§§§§§§§§§..... ..).#
#§§§DlO§§§§§§§..... #..#
######@##########.. #W# ..
..o...§W# .....§§§§ ....§§§§§.
####§§§§§§. §§§§§§§.. §§§§§§§§§..
#############


You could see 2 wraiths, a friendly two-headed ogre (summoned, poisoned), a
friendly komodo dragon (summoned, poisoned) and a friendly acid dragon
(summoned).

Vanquished Creatures
  Harold (D:9)
  2 two-headed ogres (D:9)
  A boulder beetle (D:11)
  Nergalle (D:10)
  Pikel (D:8)
  Maurice (D:7)
  Joseph (D:8)
  A komodo dragon (D:6)
  2 trolls (D:11)
  2 ynoxinuls (D:10)
  5 wraiths
  A shadow (D:6)
  A vampire (D:10)
  2 steam dragons
  13 vampire mosquitoes
  3 water moccasins
  2 acid dragons (D:11)
  A black bear (D:4)
  A swamp drake (D:7)
  5 orc warriors
  A sky beast (D:6)
  An ogre (D:4)
  4 centaurs
  2 lemures (D:8)
  2 phantoms (D:5)
  A kobold brigand (D:9)
  3 elf zombies (Ossuary)
  8 bullfrogs
  A scorpion (D:7)
  18 wights
  5 killer bees (D:8)
  3 howler monkeys (D:7)
  2 jellies
  A bombardier beetle (D:4)
  A human zombie (Ossuary)
  3 hounds (D:4)
  7 orc priests
  4 iguanas
  16 orc wizards
  6 hound zombies (Ossuary)
  2 mummies (Ossuary)
  13 adders
  A shadow imp (D:7)
  2 white imps
  8 ufetubi (D:10)
  8 adder zombies (Ossuary)
  2 dart slugs
  4 ribbon worms
  60 orcs
  11 bats
  13 endoplasms
  7 giant cockroaches
  10 goblins
  14 hobgoblins
  6 jackals
  12 kobolds
  6 quokkas
  6 ball pythons
  10 frilled lizards
  6 gnoll zombies (Ossuary)
  3 jackal zombies (Ossuary)
  2 kobold zombies (Ossuary)
  7 orc zombies (Ossuary)
  8 rats
357 creatures vanquished.

Vanquished Creatures (others)
  A shadow imp (D:7)
1 creature vanquished.

Grand Total: 358 creatures vanquished

Notes
Turn   | Place    | Note
-------+----------+-------------------------------------------
     0 | D:1      | zenocrate the Felid Earth Elementalist began the quest for
                  | the Orb.
     0 | D:1      | Reached XP level 1. HP: 9/9 MP: 4/4
   205 | D:1      | Reached XP level 2. HP: 13/13 MP: 6/6
   500 | D:1      | Reached XP level 3. HP: 13/16 MP: 8/8
   553 | D:1      | Learned a level 3 spell: Stone Arrow
   666 | D:1      | Reached skill level 1 in Conjurations
  1135 | D:2      | Reached skill level 1 in Fighting
  1352 | D:2      | Found a faded altar of an unknown god.
  1358 | D:2      | Reached XP level 4. HP: 22/22 MP: 9/9
  1358 | D:2      | Gained a life (2 lives remaining)
  1753 | D:2      | Learned a level 4 spell: Petrify
  2326 | D:3      | Reached XP level 5. HP: 15/26 MP: 10/10
  2754 | D:3      | Found an ornate altar of the Wu Jian Council.
  2754 | D:3      | Found a glowing golden altar of the Shining One.
  2754 | D:3      | Found an opulent altar of Gozag.
  2754 | D:3      | Found a blossoming altar of Fedhas.
  2846 | D:3      | Found a sacrificial altar of Ru.
  2852 | D:3      | Found a white marble altar of Elyvilon.
  2858 | D:3      | Became a worshipper of Gozag Ym Sagoz the Greedy
  3029 | D:4      | Noticed an ogre
  3040 | D:4      | Killed an ogre
  3047 | D:4      | Gained mutation: You are covered in thick fur. (AC +2)
                  | [Felid growth]
  3047 | D:4      | Reached XP level 6. HP: 8/32 MP: 12/12
  3179 | D:4      | Found an ancient bone altar of Kikubaaqudgha.
  3427 | D:4      | Learned a level 3 spell: Mephitic Cloud
  3456 | D:4      | Noticed a steam dragon
  3464 | D:4      | HP: 1/32 [steam dragon (11)]
  3465 | D:4      | Killed a steam dragon
  3466 | D:4      | Slain by a jelly
  3466 | D:4      | Lost a life (1 life remaining)
  3519 | D:4      | Reached XP level 7. HP: 23/35 MP: 13/13
  3519 | D:4      | Gained a life (2 lives remaining)
  3602 | D:4      | Reached skill level 1 in Air Magic
  3641 | D:4      | Reached skill level 1 in Alchemy
  3887 | D:4      | Found a runed translucent gate.
  3888 | D:4      | Found a runed translucent gate.
  3889 | D:4      | Found a runed translucent gate.
  3890 | D:4      | Noticed CougarLife's ghost (novice GrEE)
  3898 | D:4      | Identified the +10 spear of Defilement {protect, Dex+4}
  3961 | D:4      | Found a roughly hewn altar of Beogh.
  4018 | D:5      | Entered Level 5 of the Dungeon
  4186 | D:5      | Found a sand-covered staircase.
  4191 | Ossuary  | Entered an ossuary
  4358 | Ossuary  | Reached skill level 5 in Dodging
  4540 | Ossuary  | Reached XP level 8. HP: 30/40 MP: 11/15
  4546 | Ossuary  | Reached skill level 5 in Stealth
  6181 | D:6      | Reached skill level 5 in Earth Magic
  6181 | D:6      | Reached XP level 9. HP: 46/46 MP: 10/17
  6284 | D:6      | Noticed a komodo dragon
  6296 | D:6      | Killed a komodo dragon
  6297 | D:6      | Reached skill level 5 in Spellcasting
  6663 | D:7      | Noticed Maggie
  6786 | D:7      | Maggie changed into Maggie the swamp drake
  6786 | D:7      | Noticed Maggie
  6795 | D:7      | Killed Maggie the swamp drake
  7438 | D:7      | Found a staircase to the Ecumenical Temple.
  7626 | D:7      | Reached skill level 5 in Fighting
  7626 | D:7      | Reached skill level 1 in Unarmed Combat
  7655 | D:7      | Noticed Maurice
  7662 | D:7      | Killed Maurice
  7663 | D:7      | Reached skill level 1 in Evocations
  7980 | D:7      | Reached skill level 1 in Shapeshifting
  8021 | D:7      | Learned a level 4 spell: Ignite Poison
  8055 | D:8      | Noticed Pikel
  8069 | D:7      | Reached XP level 10. HP: 42/51 MP: 1/19
  8195 | D:8      | Killed Pikel
  8498 | D:8      | Noticed Joseph
  8535 | D:8      | Killed Joseph
 10064 | D:9      | Noticed a two-headed ogre
 10070 | D:9      | Killed a two-headed ogre
 10156 | D:9      | Got Sif Muna's Cyclopedia of the Dead and the Fairies
 10951 | D:9      | Noticed Harold
 10960 | D:9      | Reached skill level 5 in Conjurations
 10998 | D:9      | Killed Harold
 11143 | D:9      | Learned a level 2 spell: Ensorcelled Hibernation
 11206 | D:9      | Noticed a two-headed ogre
 11211 | D:9      | Killed a two-headed ogre
 11212 | D:9      | Reached skill level 1 in Hexes
 11212 | D:9      | Reached XP level 11. HP: 56/56 MP: 22/22
 11240 | D:9      | You fall into a shaft and drop 1 floor!
 11240 | D:10     | Entered Level 10 of the Dungeon
 11527 | D:9      | Learned a level 5 spell: Borgnjor's Vile Clutch
 11670 | D:10     | Reached skill level 1 in Ice Magic
 12022 | D:10     | Noticed Nergalle
 12037 | D:10     | Killed Nergalle
 12084 | D:10     | Found a stormy altar of Qazlal.
 12458 | D:10     | HP: 2/55 [vampire mosquito (8)]
 13496 | D:10     | Found a bloodstained altar of Trog.
 13904 | D:11     | Found a staircase to the Lair.
 14667 | D:11     | Slain by a vampire mosquito
 14667 | D:11     | Lost a life (1 life remaining)
 14769 | D:11     | Reached skill level 5 in Hexes
 14902 | D:11     | Noticed a boulder beetle
 14925 | D:11     | Killed a boulder beetle
 15298 | D:11     | Found a shimmering blue altar of Sif Muna.
 15362 | D:11     | Noticed Josephine
 15385 | D:11     | Slain by a wraith
 15385 | D:11     | Lost a life (0 lives remaining)
 15516 | D:11     | Quit the game

Illustrated notes

Levels and vault maps discovered:
D:1:      amcnicky_arrival_underground_garden, layout_loops_cross,
          minmay_misc_feat_five
D:2:      layout_rooms, hellmonk_ecumenical_altar_pennies_from_heaven,
          minmay_lizard_king
D:3:      layout_loops_corners, minmay_overflow_temple_hex, minmay_bisected
D:4:      minmay_bubble_buster, layout_rooms, overflow_temple_1_default,
          biasface_ghost_orc_armoury
D:5:      layout_gridville, lightli_ossuary_entry_decrepit_ruins
D:6:      layout_rooms
D:7:      layout_loops_ring, minmay_temple_entry_poolview, uniq_maurice,
          uniq_maggie
D:8:      layout_basic, billiards_dpeg, uniq_joseph, uniq_pikel
D:9:      layout_basic, hangedman_abyss_or_decor_stabs, chequers_avenue,
          uniq_harold
D:10:     layout_basic, nicolae_qazlal_scattered_showers, tgw_trog, special_room
          [special_room_orc], nicolae_fort_ynox, uniq_nergalle
D:11:     layout_long_grid, lair_entry_dummy, minmay_orc_entry_temple_small,
          led_sif_pool, uniq_josephine

Skill      XL: |  1  2  3  4  5  6  7  8  9 10 11 |
---------------+----------------------------------+-----
Earth Magic    | 3 4 5 6 |  6.2
Conjurations   | 1 2 3 4 5 |  5.2
Fighting       | 1 2 3 4 5 |  5.8
Dodging        | 3 4 5 6 7 |  7.7
Spellcasting   | 3 4 5 7 |  7.9
Stealth        | 3 4 6 7 |  7.4
Air Magic      | 1 2 3 4 |  4.3
Alchemy        | 1 2 3 4 |  4.3
Unarmed Combat | 1 2 4 |  4.0
Evocations     | 1 3 4 |  4.3
Shapeshifting  | 1 2 3 |  3.4
Hexes          | 1 5 |  5.6
Ice Magic      | 3 |  3.4

Action                     |  1- 3 |  4- 6 |  7- 9 | 10-12 || total
---------------------------+-------+-------+-------+-------++-------
  Melee: Unarmed           |    92 |    80 |   200 |   315 ||   687
         Bite              |    13 |    15 |    26 |    49 ||   103
         Punch             |     2 |     1 |     5 |    14 ||    22
   Cast: Sandblast         |    42 |    83 |   108 |       ||   233
         Stone Arrow       |       |     3 |    85 |   138 ||   226
         Mephitic Cloud    |       |       |     1 |    10 ||    11
         Ensorcelled Hiber |       |       |       |    69 ||    69
         Petrify           |       |       |       |    12 ||    12
 Invoke: Potion Petition   |       |       |       |     5 ||     5
  Evoke: Wand              |       |       |     6 |    29 ||    35
    Use: Scroll            |       |       |    12 |    15 ||    27
         Potion            |       |       |     2 |    16 ||    18
   Stab: Sleeping          |     8 |    12 |    10 |    31 ||    61
         Distracted        |       |       |     3 |     4 ||     7
         Confused          |       |       |       |     7 ||     7
         Paralysed         |       |       |       |     6 ||     6
         Petrified         |       |       |       |     8 ||     8
         Petrifying        |       |       |       |     1 ||     1
 Armour: Skin              |    34 |    60 |   117 |   193 ||   404
  Dodge: Dodged            |    72 |   111 |   218 |   582 ||   983
  Block: Other             |    10 |    25 |    59 |       ||    94
         Reflection        |       |       |     1 |       ||     1

Table legend: (Time is in decaauts)
 A = Elapsed time spent in this place.
 B = Non-inter-level travel time spent in this place.
 C = Inter-level travel time spent in this place.
 D = Time resting spent in this place.
 E = Time spent auto-exploring this place.
 F = Levels seen in this place.
 G = Mean time per level.
                   A        B        C        D        E       F      G
               +--------+--------+--------+--------+--------+-----+--------+
         Total |  15638 |  15286 |    352 |    445 |  11981 |  12 | 1303.2 |
       Dungeon |  15014 |  14662 |    352 |    445 |  11592 |  11 | 1364.9 |
       Ossuary |    624 |    624 |      0 |      0 |    389 |   1 |  624.0 |
               +--------+--------+--------+--------+--------+-----+--------+

Top non-repeatable levels by time:
    D:10: 2288 daAuts
     D:9: 1730 daAuts
     D:8: 1710 daAuts
    D:11: 1624 daAuts
     D:7: 1339 daAuts
     D:3: 1152 daAuts
     D:4: 1148 daAuts
     D:5: 1141 daAuts
     D:1: 1126 daAuts
     D:6: 1087 daAuts
     D:2: 664 daAuts
 Ossuary: 624 daAuts
